 Dungeon Crawl Stone Soup version 0.13.1-2-gfb2c2b7 (webtiles) character file.

1876 Lilouch the Poker (level 8, -1/60 HPs)
             Began as a Demonspawn Chaos Knight on Dec 8, 2013.
             Was a Plaything of Xom.
             Slain by an orc warrior
             ... wielding a +0,+0 orcish trident
              (15 damage)
             ... on Level 6 of the Dungeon on Dec 9, 2013.
             The game lasted 00:33:28 (8624 turns).

Lilouch the Poker (Demonspawn Chaos Knight)         Turns: 8624, Time: 00:33:29

HP  -1/60        AC 12     Str 14      XL: 8   Next: 80%
MP   0/15        EV  8     Int 18      God: Xom
Gold 110         SH  0     Dex 14      Spells:  0 memorised,  7 levels left

Res.Fire  : + . .   See Invis. : .   P - +0 spear
Res.Cold  : + . .   Warding    : .   E - +1 orc scale mail {rC+}
Life Prot.: . . .   Conserve   : .   (no shield)
Res.Poison: +       Res.Corr.  : .   x - +0 helmet
Res.Elec. : .       Clarity    : +   O - +0 cloak
Sust.Abil.: + .     Spirit.Shd : +   K - +0 pair of gauntlets
Res.Mut.  : .       Stasis     : .   (boots unavailable)
Res.Rott. : .       Flight     : .   p - amulet of clarity
Saprovore : + . .                    m - ring of protection from fire
                                     f - ring of sustain abilities

@: brilliant, slightly resistant to hostile enchantments, extremely unstealthy
A: talons 3, berserk 1, deterioration 1, sense surroundings 1, poison
resistance, saprovore 1, spit poison 1, evolution 1, magic shield
a: Spit Poison, Renounce Religion


You were on level 6 of the Dungeon.
You worshipped Xom.
You were a beloved toy of Xom.
You were not hungry.

You visited 2 branches of the dungeon, and saw 8 of its levels.

You collected 279 gold pieces.
You spent 189 gold pieces at shops.

Inventory:

Hand weapons
 a - a +0,+0 spear of chaos {=f}
 t - a +3,+1 elven short sword of freezing
 P - a +0,+0 spear (weapon)
 S - a +0,+0 bow
 V - the +10,+4 sabre of Jeomask {elec, -Cast +Blink rElec, unknown}
   (You found it on level 6 of the Dungeon)

   Occasionally, upon striking a foe, it will discharge some electrical energy
   and cause terrible harm.
   It insulates you from electricity.
   It lets you blink.
   It prevents spellcasting.
Missiles
 y - a throwing net (quivered)
 U - 12 arrows of dispersal
Armour
 b - a +2 leather armour
 x - a +0 helmet (worn)
 E - a +1 orcish scale mail of cold resistance (worn)
 K - a +0 pair of gauntlets (worn)
 O - a +0 cloak (worn)
 Q - the -4 chain mail of Ecwoar {Str+4}
   (You found it on level 5 of the Dungeon)

   It affects your strength (+4).
Magical devices
 s - a wand of teleportation (7)
 H - a wand of magic darts (9)
Comestibles
 c - 7 bread rations
 n - a meat ration
Scrolls
 d - 2 scrolls of blinking
 g - 2 scrolls of identify
 i - a scroll of curse armour {unknown}
 j - 2 scrolls of enchant weapon I
 l - 2 scrolls of fog {unknown}
 o - 2 scrolls of remove curse
 r - 3 scrolls of enchant weapon II
 B - 4 scrolls of teleportation
 C - a scroll of noise {unknown}
 G - a scroll of fear {unknown}
 I - a scroll of amnesia {unknown}
 M - a scroll of enchant armour {unknown}
 T - a scroll of enchant weapon III {unknown}
Jewellery
 e - an uncursed amulet of rage
 f - a ring of sustain abilities (left hand)
 m - a ring of protection from fire (right hand)
 p - an amulet of clarity (around neck)
 J - an uncursed ring of protection from fire
 N - an uncursed ring of positive energy {unknown}
Potions
 h - a potion of might
 k - 2 potions of resistance {unknown}
 q - a potion of degeneration {unknown}
 w - a potion of agility {unknown}
 z - a potion of restore abilities {unknown}
 A - 4 potions of heal wounds
 D - a potion of invisibility {unknown}
 L - a potion of brilliance {unknown}
Books
 F - a book of Envenomations

   Spells                             Type                      Level
   Spider Form                        Transmutation/Poison         3
   Poison Weapon                      Charms/Poison                3
   Summon Scorpions                   Summoning/Poison             4
   Olgreb's Toxic Radiance            Poison                       4
   Poisonous Cloud                    Conjuration/Poison/Air       6


   Skills:
 - Level 5.3 Fighting
 + Level 6.4 Polearms
 + Level 6.1 Armour
 - Level 0.8 Dodging
 + Level 5.4 Evocations


You had 7 spell levels left.
You didn't know any spells.

Dungeon Overview and Level Annotations

Branches:
Dungeon (7/27)             Temple (1/1) D:4
    Orc: D:6-11

Altars:
Fedhas

Shops:
D:5 ?

Annotations:
D:5 Prince Ribbit


Innate Abilities, Weirdness & Mutations

You have claws for feet.
You can tolerate rotten meat.
When hurt, damage is shared between your health and your magic reserves.
You tend to lose your temper in combat.
Your body is slowly deteriorating.
You passively map a small area around you.
Your system is resistant to poisons.
You can spit poison.
You evolve.


Message History

The orc warrior hits you from afar with an orcish trident.
Attack whom?
Press: ? - help, Dir - move target cursor, f/p - orc warrior
Aim: an orc warrior, wielding an orcish trident and wearing an orcish chain mail (moderately wounded)
You reach to attack!
You closely miss the orc warrior.
The orc warrior is moderately wounded.
Attack whom?
Press: ? - help, Dir - move target cursor, f/p - orc warrior
Aim: an orc warrior, wielding an orcish trident and wearing an orcish chain mail (moderately wounded)
You reach to attack!
You hit the orc warrior but do no damage.
The orc warrior is moderately wounded.
The orc warrior hits you from afar with an orcish trident!
* * * LOW HITPOINT WARNING * * *
You are too injured to fight recklessly!
You are too injured to fight recklessly!
You see here an orcish dagger.
The orc warrior hits you from afar with an orcish trident!
You die...
Xom howls with laughter!

### ###..(....#
######'## ## #....#
.### ####.########
...###.........#.#
.#..######.###.#.#
.##.##...#...#...# * *
.##....#.#.#.###.#
.#####.#.#.#.#
#@#######.... ##
#.#.###.# #).o.........
#.......#...#######....
############# ,


You could see an orc warrior.

Vanquished Creatures
  The ghost of xqwzts the Cudgeler, an average MiFi (D:3)
  An ogre (D:6)
  3 centaurs
  A giant frog (D:7)
  A wyvern zombie (D:5)
  3 crimson imps
  A giant frog skeleton (D:5)
  2 scorpions
  2 centaur skeletons
  A gnoll shaman (D:5)
  2 orc priests
  3 hounds
  A water moccasin skeleton (D:5)
  4 iguanas
  4 worker ants
  4 orc wizards
  Terence (D:2)
  A worker ant zombie (D:6)
  12 gnolls
  A worm zombie (D:6)
  7 adders
  A giant mite (D:7)
  3 worms
  An iguana zombie (D:6)
  An adder skeleton (D:5)
  5 giant geckos
  23 orcs
  2 bat zombies (D:6)
  4 giant cockroaches
  9 hobgoblins
  8 jackals
  An ooze (D:1)
  2 ball pythons
  10 bats
  6 giant newts
  11 goblins
  A jackal zombie (D:7)
  7 kobolds
  A kobold skeleton (D:5)
  2 kobold zombies (D:6)
  A quokka (D:6)
  A quokka skeleton (D:4)
  14 rats
170 creatures vanquished.

Vanquished Creatures (collateral kills)
  An ogre (D:4)
1 creature vanquished.

Vanquished Creatures (others)
  An orc (D:6)
1 creature vanquished.

Grand Total: 172 creatures vanquished

Notes
Turn   | Place    | Note
--------------------------------------------------------------
     0 | D:1      | Lilouch, the Demonspawn Chaos Knight, began the quest for the Orb.
     0 | D:1      | Reached XP level 1. HP: 16/16 MP: 1/1
    92 | D:1      | Gained mutation: When hurt, damage is shared between your health and your magic reserves. [demonic ancestry]
    92 | D:1      | Reached XP level 2. HP: 9/22 MP: 2/2
   541 | D:1      | XOM: silly message
   659 | D:1      | XOM: 7-stop teleportation journey
   876 | D:1      | XOM: harmless Chrm miscast
  1015 | D:1      | XOM: noise
  1076 | D:1      | XOM: mild Trmt miscast
  1170 | D:2      | XOM: cast spell 'Metabolic Englaciation'
  1175 | D:2      | Reached XP level 3. HP: 25/28 MP: 3/3
  1289 | D:2      | XOM: divination: magic mapping
  1478 | D:2      | XOM is BORED!
  1478 | D:2      | XOM: mild Necr miscast
  1515 | D:2      | XOM: harmless Divn miscast
  2018 | D:2      | Noticed Terence
  2023 | D:2      | Killed Terence
  2195 | D:3      | Noticed an ogre
  2201 | D:2      | Gained mutation: You have sharp toenails. [demonic ancestry]
  2201 | D:2      | Reached XP level 4. HP: 31/34 MP: 4/4
  2207 | D:2      | XOM: divination: detect creatures
  2266 | D:3      | XOM: divination: detect creatures
  2270 | D:3      | Noticed a naga
  2270 | D:3      | an ogre changed into a naga
  2270 | D:3      | XOM: polymorph ogre -> naga
  2370 | D:2      | XOM: god gift: 31 gold pieces
  2555 | D:3      | Noticed xqwzts' ghost (average MiFi)
  2740 | D:3      | Killed xqwzts' ghost
  2740 | D:3      | Reached skill level 4 in Fighting
  2740 | D:3      | Gained mutation: You have razor-sharp toenails. [demonic ancestry]
  2740 | D:3      | Reached XP level 5. HP: 20/40 MP: 2/5
  2747 | D:2      | XOM: harmless Tloc miscast
  2791 | D:2      | XOM: give mutation
  2791 | D:2      | Gained mutation: You evolve. [Xom's grace]
  2981 | D:3      | XOM: colour smoke trail
  2996 | D:3      | XOM: 2-stop teleportation journey
  3015 | D:3      | XOM: 1-stop teleportation journey
  3106 | D:4      | Found a staircase to the Ecumenical Temple.
  3116 | Temple   | Entered the Ecumenical Temple
  3117 | Temple   | XOM: divination: detect items
  3134 | D:4      | Reached skill level 5 in Fighting
  3320 | D:4      | Gained mutation: You can tolerate rotten meat. [demonic ancestry]
  3320 | D:4      | Reached XP level 6. HP: 19/47 MP: 3/6
  3551 | D:3      | XOM: colour smoke trail
  3603 | D:3      | XOM: cast spell 'Dragon Form'
  3649 | D:3      | Gained mutation: You can spit poison. [evolution]
  3797 | D:3      | XOM: cast spell 'Spider Form'
  4073 | D:4      | Found a blossoming altar of Fedhas.
  4137 | D:4      | You fall through a shaft!
  4411 | D:6      | Reached skill level 1 in Evocations
  4529 | D:5      | Entered Level 5 of the Dungeon
  4660 | D:7      | Reached XP level 7. HP: 41/53 MP: 6/9
  5255 | D:4      | XOM: summons friendly crimson imp
  5284 | D:4      | Reached skill level 5 in Polearms
  5748 | D:4      | XOM: noise
  5895 | D:5      | Got a twisted chain mail
  5912 | D:5      | Identified the cursed -4 chain mail of Ecwoar {Str+4} (You found it on level 5 of the Dungeon)
  6177 | D:5      | XOM: harmless Pois miscast
  6189 | D:5      | XOM: confuse monster(s)
  6195 | D:5      | XOM: confuse monster(s)
  6283 | D:5      | Gained mutation: You passively map a small area around you. [evolution]
  6383 | D:5      | Noticed Prince Ribbit
  6424 | D:5      | XOM: god gift: leather armour {god gift}
  6503 | D:5      | Reached skill level 5 in Armour
  6503 | D:5      | Gained mutation: You have claws for feet. [demonic ancestry]
  6503 | D:5      | Reached XP level 8. HP: 53/60 MP: 13/13
  6715 | D:5      | Gained mutation: You tend to lose your temper in combat. [evolution]
  6830 | D:5      | XOM: medium Chrm miscast
  7082 | D:5      | XOM: colour smoke trail
  7114 | D:5      | Found Psori's Magic Scroll Emporium.
  7114 | D:5      | XOM: harmless Summ miscast
  7146 | D:5      | Bought a scroll of identify for 28 gold pieces
  7146 | D:5      | Bought a scroll of identify for 28 gold pieces
  7146 | D:5      | Bought a scroll of random uselessness for 14 gold pieces
  7146 | D:5      | Bought a scroll of teleportation for 42 gold pieces
  7146 | D:5      | Bought a scroll of blinking for 77 gold pieces
  7463 | D:5      | Reached skill level 6 in Polearms
  7563 | D:6      | XOM: colour smoke trail
  7566 | D:6      | Got a brightly glowing sabre
  7566 | D:6      | XOM: mild Erth miscast
  7595 | D:6      | Reached skill level 5 in Evocations
  7672 | D:6      | XOM: silly message
  7822 | D:6      | Gained mutation: Your system is resistant to poisons. [evolution]
  7916 | D:6      | XOM: noise
  7949 | D:6      | XOM: harmless Pois miscast
  8051 | D:6      | XOM: harmless Fire miscast
  8213 | D:6      | XOM: give mutations
  8213 | D:6      | Gained mutation: Armour fits poorly on your strangely shaped body. [Xom's mischief]
  8213 | D:6      | Lost mutation: Armour fits poorly on your strangely shaped body. [Xom's mischief]
  8213 | D:6      | Gained mutation: Your body is slowly deteriorating. [Xom's mischief]
  8339 | D:6      | XOM: mild Chrm miscast
  8365 | D:6      | XOM: divination: detect creatures
  8604 | D:6      | XOM: potion effect (brilliance)
  8624 | D:6      | Slain by an orc warrior

Action                   |  1- 3 |  4- 6 |  7- 9 || total
-------------------------+-------+-------+-------++-------
Melee: Spear             |   118 |   198 |   511 ||   827
       Short sword       |     2 |     7 |       ||     9
       Unarmed           |       |     9 |       ||     9
Evoke: Wand              |       |       |     2 ||     2
  Use: Potion            |       |     1 |     2 ||     3
       Scroll            |       |       |     9 ||     9
 Stab: Sleeping          |     1 |       |       ||     1
       Paralysed         |       |     5 |     6 ||    11
       Confused          |       |       |     2 ||     2
       Petrifying        |       |       |     1 ||     1
